 Dungeon Crawl Stone Soup version 0.27.1-4-g1640c2035a (webtiles) character file.

Game seed: 16627198097727003190

793 Descartes the Conjurer (level 7, 0/40 HPs)
             Began as a Deep Elf Wanderer on Nov 16, 2021.
             Slain by an orc warrior (5 damage)
             ... on level 4 of the Dungeon.
             The game lasted 00:16:06 (4432 turns).

Descartes the Conjurer (Deep Elf Wanderer)          Turns: 4432, Time: 00:16:07

Health: 0/40       AC:  5    Str:  7 (8)  XL:     7   Next: 57%
Magic:  11/11      EV: 10    Int: 17 (18) God:
Gold:   70         SH:  0    Dex: 13 (16) Spells: 2/9 levels left

rFire    . . .     SeeInvis .   n - staff of air
rCold    . . .     Faith    .   (no shield)
rNeg     . . .     Spirit   .   e - +0 leather armour
rPois    .         Reflect  .   x - +0 helmet
rElec    +         Harm     .   (no cloak)
rCorr    .         Rampage  .   u - +0 pair of gloves
Will     .....                  (no boots)
Stlth    +.........             (no amulet)
HPRegen  0.13/turn              (no ring)
MPRegen  0.12/turn              (no ring)

@: confused, ambrosia-drunk, flying
A: no striking features
a: no special abilities


You were on level 4 of the Dungeon.
You visited 1 branch of the dungeon, and saw 4 of its levels.

You collected 70 gold pieces.

Inventory:

Hand Weapons
 a - a +2 spear of freezing
 d - a +0 dagger
 z - a +1 dagger of speed
Missiles
 g - 101 stones
 i - 5 curare-tipped darts
 l - 62 sling bullets
 p - 41 arrows
 t - 13 poisoned darts
Armour
 c - a +0 robe
 e - a +0 leather armour (worn)
 f - a +0 pair of gloves of stealth
 u - a +0 pair of gloves (worn)
 x - a +0 helmet (worn)
Magical Staves
 n - a staff of air (weapon)
 v - a staff of cold
Scrolls
 k - a scroll of brand weapon
 m - a scroll of holy word {unknown}
 o - a scroll of identify {unknown}
 r - a scroll of teleportation {unknown}
 y - a scroll of amnesia {unknown}
Potions
 j - a potion of degeneration
 q - a potion of might {unknown}
 s - a potion of ambrosia
 A - a potion of cancellation


   Skills:
 - Level 2.4 Fighting
 - Level 4.8 Stealth
 - Level 1.5 Spellcasting
 + Level 5.1 Conjurations
 - Level 5.0 Hexes
 + Level 2.4 Translocations
 + Level 5.1 Air Magic
 + Level 0.8 Poison Magic


You had 2 spell levels left.
You knew the following spells:

 Your Spells              Type           Power      Damage    Failure   Level
a - Shock                 Conj/Air       100%       1d9       3%          1
b - Mephitic Cloud        Conj/Pois/Air  20%        N/A       21%         3
c - Dazzling Flash        Conj/Hex       36%        N/A       12%         3

Your spell library contained the following spells:

 Spells                   Type           Power      Damage    Failure   Level
 Fulminant Prism          Conj/Hex       9%         3d7       36%         4
 Iskenderun's Mystic Bla  Conj/Tloc      14%        2d5       54%         4
 Silence                  Hex/Air        13%        N/A       71%         5
 Agony                    Necr           1%         N/A       100%        5
 Lee's Rapid Deconstruct  Erth           0%         3d5*      100%        5


Dungeon Overview and Level Annotations

Branches:
Dungeon (4/15)
 Temple: D:4-7

Altars:
Elyvilon
Xom

Annotations:
D:4 Dowan, Menkaure


Message History

The centaur closely misses you.
The centaur kicks you but does no damage.
You feel very buoyant.
You fly up into the air.
The hound skeleton bites you.
* * * LOW HITPOINT WARNING * * *
The centaur hits you.
* * * LOW HITPOINT WARNING * * *
The centaur kicks you but does no damage.
The hound skeleton barely misses you.
It was a potion of ambrosia.
You are confused.
You feel invigorated.
The centaur hits you but does no damage.
The centaur kicks you but does no damage.
The hound skeleton barely misses you. The centaur hits you.
* * * LOW HITPOINT WARNING * * *
The centaur kicks you but does no damage.
You hit the hound skeleton.
The hound skeleton is moderately damaged.
The hound skeleton bites you but does no damage.
The centaur barely misses you.
The centaur kicks you but does no damage.
The hound skeleton bites you but does no damage.
You hit the centaur.
You kill the centaur!
The hound skeleton bites you but does no damage.
The hound skeleton bites you but does no damage.
Menkaure hits you!
* * * LOW HITPOINT WARNING * * *
Menkaure closely misses you. The hound skeleton bites you.
You bump into the rock wall.
The hound skeleton bites you but does no damage.
The orc warrior hits you with a +0 war axe!
* * * LOW HITPOINT WARNING * * *
Menkaure's bandages flutter.
Menkaure barely misses you. Dowan hits you with a +0 dagger.
* * * LOW HITPOINT WARNING * * *
The orc warrior hits you with a +0 war axe.
You die...

.......##.#.##....#
#.......#...# ....
............## ....
..........#.....
....##...##.... ##.
##.....#
#..##..M...#
......).oZe..#
...##.###@##...#
... #.# ..... ....
... #... ...#.
##..# .. .##. ....
.. ..... ##... ...#


You could see an orc warrior, Menkaure, Dowan (fast) and a hound skeleton.

Vanquished Creatures
  Duvessa (D:4)
  A necrophage (D:3)
  The ghost of Fulminus the Magician, an amateur DjWz (D:3)
  A centaur (D:4)
  A bullfrog (D:3)
  Blork the orc (D:4)
  An iguana (D:4)
  Jessica (D:2)
  Natasha (thrice) (D:2)
  Robin (D:3)
  4 gnolls (D:3)
  6 adders
  An adder skeleton (D:4)
  A dart slug (D:1)
  8 bats
  3 endoplasms
  3 giant cockroaches
  11 goblins
  12 hobgoblins
  11 jackals
  3 quokkas
  4 ball pythons
  3 frilled lizards
  8 kobolds
  5 rats
95 creatures vanquished.

Notes
Turn   | Place    | Note
-------+----------+-------------------------------------------
     0 | D:1      | Descartes the Deep Elf Wanderer began the quest for the
                  | Orb.
     0 | D:1      | Descartes set off with the following items: a +2 spear, a
                  | potion of lignification, a +0 robe, a +0 dagger; and the
                  | following spell memorised: Shock; and the following spells
                  | available to memorise: Mephitic Cloud
     0 | D:1      | Reached XP level 1. HP: 13/13 MP: 5/5
   268 | D:1      | Reached skill level 1 in Air Magic
   357 | D:1      | Reached XP level 2. HP: 18/18 MP: 0/6
   982 | D:1      | Reached XP level 3. HP: 22/22 MP: 0/7
  1578 | D:2      | Noticed Natasha
  1585 | D:2      | Killed Natasha
  1586 | D:2      | Reached XP level 4. HP: 23/27 MP: 0/8
  1673 | D:2      | Noticed Jessica
  1683 | D:2      | Killed Jessica
  1742 | D:2      | Noticed Natasha
  1748 | D:2      | Killed Natasha
  2047 | D:2      | Reached XP level 5. HP: 31/31 MP: 3/9
  2251 | D:2      | Found a faded altar of an unknown god.
  2321 | D:2      | Noticed Natasha
  2323 | D:2      | Killed Natasha
  2446 | D:2      | Learned a level 3 spell: Mephitic Cloud
  2450 | D:2      | Learned a level 3 spell: Dazzling Flash
  2810 | D:3      | Noticed Robin
  3105 | D:3      | Found a white marble altar of Elyvilon.
  3110 | D:3      | Killed Robin
  3111 | D:3      | Reached skill level 1 in Hexes
  3427 | D:3      | Reached XP level 6. HP: 25/36 MP: 5/10
  3589 | D:3      | Found a shimmering altar of Xom.
  3789 | D:3      | Found a runed translucent door.
  3792 | D:3      | Noticed Fulminus's ghost (amateur DjWz)
  3801 | D:3      | Reached skill level 5 in Conjurations
  3802 | D:3      | Killed Fulminus's ghost
  4141 | D:4      | Reached XP level 7. HP: 40/40 MP: 7/11
  4218 | D:4      | Noticed Duvessa
  4231 | D:4      | Killed Duvessa
  4232 | D:4      | Reached skill level 5 in Air Magic
  4339 | D:4      | Noticed Blork the orc
  4350 | D:4      | Killed Blork the orc
  4351 | D:4      | Reached skill level 5 in Hexes
  4404 | D:4      | Noticed Dowan
  4416 | D:4      | HP: 3/60 [centaur/arrow (12)]
  4420 | D:4      | Noticed Menkaure
  4432 | D:4      | Slain by an orc warrior

Illustrated notes

Levels and vault maps discovered:
D:1:      minmay_arrival_four_circles, layout_basic, minmay_strange_pillars,
          chequers_avenue
D:2:      layout_basic, basic_ecumenical_altar, st_stairs_4,
          kennysheep_another_room, minmay_misc_feat_secret_circle,
          minmay_pentomino_o2, uniq_natasha, uniq_jessica
D:3:      layout_loops_ring, mainiacjoe_overflow_boulevard, elyvilon_altar_3,
          ebering_ghost_sewer_d, uniq_robin
D:4:      layout_cave_pools, amcnicky_altar_gilded,
          minmay_temple_entry_poolview, minmay_manual_moon, uniq_blork_the_orc,
          uniq_duvessa, uniq_menkaure

Skill      XL: |  1  2  3  4  5  6  7 |
---------------+----------------------+-----
Air Magic      | 1 2 3 4 5 |  5.1
Conjurations   | 2 3 4 5 |  5.1
Hexes          | 1 3 5 |  5.0
Translocations | 2 |  2.4
Fighting       | |  2.4
Stealth        | |  4.8
Spellcasting   | |  1.5
Poison Magic   | |  0.8

Action                   |  1- 3 |  4- 6 |  7- 9 || total
-------------------------+-------+-------+-------++-------
Melee: Spear             |     8 |       |       ||     8
       Staff             |    24 |     4 |     2 ||    30
 Cast: Shock             |    80 |   107 |    29 ||   216
  Use: Potion            |       |       |     9 ||     9
       Scroll            |       |       |     1 ||     1
Armor: Leather armour    |    19 |     8 |    15 ||    42
       Robe              |     2 |       |       ||     2
       Skin              |       |       |     9 ||     9
Dodge: Dodged            |    30 |    17 |    12 ||    59
